Map: Pylon LE

Players

KimChiLoVer - Winner!

  • Race: Terran Terran
  • League: Diamond
  • Spawn Location: 11:00

Matrix

  • Race: Zerg Zerg
  • League: Diamond
  • Spawn Location: 5:00

VOD

Have the link to the VOD?

Description

Time

  • Played on: Nov. 1, 2025, 10:33 a.m.
  • Length: 13:26
Show
View Real Time Build Order
Export as new Build Order

KimChiLoVer Terran - Winner!

Build Orders: Reaper Expand, Hellion Banshee 

Get SALT Encoding   

  12  0:01  SCV  
  13  0:13  SCV  
  14  0:18  Supply Depot  
  14  0:25  SCV  
  15  0:40  SCV  
  15  0:41  Barracks  
  16  0:46  Refinery  
  16  0:52  SCV  
  17  1:04  SCV  
  18  1:16  SCV  
  19  1:30  Reaper  
  19  1:31  Orbital Command  
  20  1:40  Command Center  
  20  1:51  Supply Depot  
  20  1:57  SCV  
  21  2:07  Marine  
  22  2:10  SCV  
  23  2:16  Factory  
  23  2:19  Refinery  
  23  2:22  SCV  
  25  2:34  SCV  
  25  2:37  Barracks Reactor  
  25  2:46  SCV  
  26  2:56  Orbital Command  
  26  2:58  SCV  
  26  3:00  Supply Depot  
  26  3:02  Starport  
  27  3:10  SCV  
  28  3:21  Hellion x2  
  28  3:22  SCV  
  28  3:23  SCV  
  34  3:27  Marine  
  35  3:34  Supply Depot  
  35  3:35  SCV  
  35  3:38  SCV  
  37  3:41  Starport Tech Lab  
  37  3:47  SCV  
  38  3:50  Hellion x2, SCV  
  43  3:56  Barracks Tech Lab  
  43  4:03  Command Center  
  43  4:08  Supply Depot  
  43  4:13  Hellion  
  43  4:14  Hellion, Banshee  
  50  4:17  Cloaking Field  
  50  4:26  Stimpack  
  50  4:27  SCV  
  50  4:29  SCV  
  52  4:34  Supply Depot  
  52  4:45  Factory Reactor, SCV  
  52  4:46  Barracks  
  52  4:47  Barracks  
  53  4:53  SCV  
  53  4:56  Barracks  
  53  4:58  Banshee  
  57  5:05  SCV  
  58  5:08  Engineering Bay  
  58  5:09  Engineering Bay  
  58  5:13  Refinery  
  58  5:15  Refinery  
  58  5:17  SCV  
  58  5:19  Orbital Command  
  59  5:22  SCV  
  60  5:31  Marine  
  60  5:34  Marine x2  
  63  5:44  Marine  
  63  5:47  SCV  
  63  5:49  Factory Tech Lab, Marine  
  66  5:53  Terran Infantry Weapons Level 1  
  66  5:54  Terran Infantry Armor Level 1  
  66  5:58  Armory  
  66  5:59  SCV  
  67  6:08  Barracks Reactor  
  67  6:09  Marine x5  
  67  6:10  Starport Reactor  
  73  6:11  SCV x2  
  74  6:24  SCV  
  75  6:29  SCV  
  75  6:31  SCV  
  77  6:33  Marine x5  
  77  6:36  SCV  
  77  6:37  Siege Tank  
  86  6:42  Supply Depot x2  
  86  6:45  SCV  
  86  6:46  Barracks  
  87  6:48  Barracks, SCV  
  87  6:49  Terran Vehicle And Ship Armor Level 1  
  87  6:51  Marine  
  89  6:57  SCV  
  89  7:00  SCV  
  91  7:03  Marine  
  91  7:04  Marine x5  
  91  7:05  Medivac x2  
  101  7:08  Marine  
  101  7:09  Siege Tank  
  101  7:12  SCV  
  106  7:21  Marine x2  
  106  7:22  Marine  
  109  7:28  Supply Depot  
  109  7:29  Supply Depot x2  
  109  7:31  Supply Depot  
  109  7:33  Marine x4  
  109  7:35  Combat Shield  
  109  7:37  Barracks Reactor x2  
  113  7:39  Marine x2  
  113  7:40  Medivac x2  
  113  7:41  Marine  
  113  7:43  Siege Tank  
  123  7:51  Terran Infantry Weapons Level 2, Marine x4  
  127  7:55  Terran Infantry Armor Level 2  
  127  7:57  Marine  
  128  8:04  Marine  
  128  8:05  Marine  
  130  8:08  Marine x4  
  134  8:15  Supply Depot x2, Marine  
  135  8:22  Marine  
  135  8:24  Marine  
  135  8:26  Siege Tank, Marine x4  
  144  8:29  Marine x3  
  144  8:30  Marine  
  144  8:33  Marine  
  149  8:40  Marine  
  150  8:42  Marine  
  150  8:44  Marine x4  
  91  9:19  Marine  
  91  9:20  Marine x10  
  99  9:37  Marine  
  99  9:38  Marine x10  
  82  9:54  Medivac  
  82  9:55  Marine x5  
  82  9:56  Marine x6  
  95  10:10  Orbital Command  
  95  10:13  Marine x11  
  106  10:22  Supply Depot  
  106  10:24  Supply Depot x2  
  106  10:28  Siege Tank  
  106  10:30  Marine  
  106  10:31  Marine x10  
  120  10:48  Marine  
  120  10:49  Marine x10  
  131  11:06  Marine  
  131  11:07  Marine x7  
  131  11:08  Marine x3  
  122  11:27  Marine  
  122  11:28  Marine x10  
  126  11:36  Medivac x2  
  126  11:37  Siege Tank  
  128  11:45  Marine x6  
  128  11:46  Marine x5  
  139  11:47  Refinery x2  
  139  12:03  Marine x11  
  150  12:09  Siege Tank  
  150  12:20  Marine  
  150  12:21  Marine x10  
  161  12:34  Medivac  
  161  12:35  Medivac  
  165  12:38  Marine  
  165  12:39  Marine x9  
  165  12:41  Siege Tank  
  178  12:51  Marine  
  172  12:56  Marine  
  172  12:57  Marine x9  
Show
View Real Time Build Order
Export as new Build Order

Matrix Zerg 

Build Orders: Hatch First 

Get SALT Encoding   

  12  0:00  Drone  
  13  0:12  Overlord  
  13  0:19  Drone  
  14  0:30  Drone x2  
  16  0:37  Drone  
  17  0:50  Hatchery  
  17  0:53  Drone  
  17  0:58  Drone  
  18  1:08  Extractor  
  17  1:12  Spawning Pool  
  17  1:14  Drone  
  17  1:17  Drone  
  18  1:28  Drone  
  19  1:43  Overlord  
  19  1:57  Drone  
  19  2:01  Queen  
  20  2:02  Queen  
  20  2:04  Zergling x4  
  26  2:24  Metabolic Boost  
  26  2:25  Hatchery  
  25  2:37  Queen  
  27  2:48  Queen  
  29  2:59  Overlord  
  29  3:01  Overlord  
  29  3:18  Drone x3  
  29  3:19  Drone  
  33  3:26  Queen  
  35  3:37  Queen  
  37  3:46  Queen  
  39  3:54  Drone x2  
  41  4:04  Lair  
  40  4:13  Drone x2  
  40  4:14  Evolution Chamber  
  41  4:17  Evolution Chamber  
  41  4:21  Overlord  
  40  4:29  Drone x4  
  44  4:44  Drone x2  
  44  4:45  Drone x4  
  50  4:48  Drone  
  50  4:49  Extractor  
  50  4:58  Drone x3  
  50  4:59  Drone x2  
  55  5:00  Drone  
  56  5:17  Burrow  
  56  5:18  Extractor  
  56  5:19  Drone  
  56  5:20  Baneling Nest, Drone x2  
  57  5:21  Overlord  
  57  5:22  Overlord  
  57  5:35  Spore Crawler  
  57  5:37  Spore Crawler  
  57  5:42  Zergling x8  
  59  5:43  Zergling x2  
  59  5:44  Zergling x4  
  59  5:45  Drone x2  
  59  5:47  Drone  
  59  5:48  Drone x3  
  59  5:49  Drone x2  
  70  6:10  Overseer  
  70  6:16  Zerg Ground Armor Level 1, Zerg Melee Weapons Level 1  
  70  6:18  Zergling x8  
  72  6:20  Overlord x2  
  74  6:28  Pneumatized Carapace  
  74  6:34  Hatchery  
  74  6:38  Hatchery  
  72  6:53  Overseer  
  72  7:20  Zergling x30  
  87  7:23  Centrifugal Hooks  
  87  7:25  Queen  
  89  7:42  Overlord x2  
  89  7:44  Zergling x2  
  89  7:45  Queen x2  
  89  7:47  Baneling x5  
  89  7:48  Baneling x17  
  94  7:51  Spore Crawler  
  94  7:54  Drone  
  94  7:55  Spire  
  94  7:57  Drone  
  94  7:58  Drone x2  
  94  7:59  Extractor, Drone  
  94  8:00  Drone x2  
  94  8:01  Drone  
  99  8:16  Zergling x8, Queen  
  105  8:24  Zergling x10  
  105  8:25  Zergling x10  
  115  8:34  Infestation Pit  
  114  8:50  Zergling x6  
  114  8:51  Baneling x2  
  77  9:17  Zergling x2  
  77  9:18  Zergling x38  
  93  9:26  Baneling x2  
  93  9:27  Baneling  
  93  9:36  Zergling x6  
  93  9:41  Zergling x12  
  92  9:50  Baneling x3  
  92  9:51  Baneling x3  
  92  9:53  Zergling x6  
  93  10:09  Zerg Ground Armor Level 2  
  90  10:14  Drone x5  
  90  10:20  Hive  
  95  10:21  Hatchery x2  
  95  10:25  Queen  
  95  10:27  Zergling x2  
  95  10:28  Zergling x8, Baneling x3  
  100  10:29  Baneling, Mutalisk x3  
  100  10:30  Mutalisk x3  
  112  10:36  Overseer x2  
  112  10:40  Baneling x3  
  112  10:57  Drone x3  
  112  10:58  Drone x2  
  112  10:59  Overlord x4, Extractor x2  
  115  11:05  Overlord  
  115  11:06  Overlord x2  
  100  11:25  Mutalisk  
  100  11:26  Mutalisk x3  
  100  11:32  Zergling x12  
  103  11:33  Zergling x4  
  103  11:35  Drone x8  
  103  11:39  Overseer x2  
  112  11:57  Drone  
  112  11:58  Drone x2  
  112  11:59  Drone x3  
  112  12:00  Drone x8  
  112  12:01  Drone  
  127  12:02  Drone  
  128  12:10  Zergling x4  
  124  12:20  Baneling x11  
  124  12:22  Zergling x2  
  121  12:23  Zergling x14  
  121  12:25  Baneling  
  121  12:26  Baneling x2  
  84  13:03  Zergling x16  
  84  13:04  Zergling x34  
  99  13:08  Zergling x2  
Tags
 
Add a new tag
Caveats
  • Supply blocks, unpowered buildings, or Contaminate may cause inaccurate times.
  • Supply counts are checked every 10 seconds.